 Dungeon Crawl Stone Soup version 0.16.2-3-ga078185 (webtiles) character file.

77 dvd the Vandal (level 4, -1/29 HPs)
             Began as a Halfling Hunter on Sept 6, 2015.
             Succumbed to Sigmund's poison
             ... on level 2 of the Dungeon.
             The game lasted 00:09:28 (1221 turns).

dvd the Vandal (Halfling Hunter)                    Turns: 1221, Time: 00:09:28

Health: -1/29      AC:  3    Str: 13    XL:     4   Next: 58%
Magic:  4/4        EV: 14    Int: 10    God:
Gold:   29         SH:  0    Dex: 14    Spells: 0 memorised, 3 levels left

rFire  . . .     SeeInvis .     a - +0 short sword
rCold  . . .     Clarity  .     l - +0 leather armour (curse)
rNeg   . . .     SustAb   .     (no shield)
rPois  .         Gourm    .     (no helmet)
rElec  .         Spirit   .     (no cloak)
rCorr  .         Warding  .     (no gloves)
rMut   +         Stasis   .     (no boots)
MR     .....                    o - amulet of resist mutation
Stlth  ++........               (no ring)
                                r - ring of flight

@: lethally poisoned (-1 -> -18), flying, not resistant to hostile enchantments,
unstealthy
A: mutation resistance 1
a: no special abilities


You were on level 2 of the Dungeon.
You were not hungry.

You visited 1 branch of the dungeon, and saw 2 of its levels.

You collected 29 gold pieces.

Inventory:

Hand weapons
 a - a +0 short sword (weapon)
 b - a +1 hunting sling
 g - a +0 dagger
 p - a +0 short sword
 t - a +0 short sword
Missiles
 c - 6 sling bullets
 e - 65 stones (quivered)
Armour
 d - a +0 leather armour
 l - a cursed +0 leather armour (worn)
Jewellery
 o - an amulet of resist mutation (around neck)
 r - a ring of flight (left hand)
Scrolls
 h - a scroll of immolation
 i - a scroll of random uselessness {unknown}
 k - a scroll of remove curse
 n - a scroll of teleportation {unknown}
Potions
 m - 2 potions of brilliance
Comestibles
 f - 2 bread rations


   Skills:
 + Level 2.0 Fighting
 + Level 7.9 Slings
 + Level 0.4 Armour
 + Level 2.3 Dodging
 + Level 1.1 Stealth


You had 3 spell levels left.
You didn't know any spells.

Dungeon Overview and Level Annotations

Branches:
Dungeon (2/15)

Altars:

Annotations:
D:2 Sigmund


Innate Abilities, Weirdness & Mutations

You are small and have problems with some larger weapons.
You are somewhat resistant to further mutation.


Message History

Drink which item? (? for menu, Esc to quit)
It was a potion of curing.
You feel better. Something hits you.
You are poisoned.
Firing (i - inventory. (,) - cycle):
c - 7 sling bullets (quivered)
Press: ? - help, Shift-Dir - straight line You shoot a sling bullet.
You feel sick.
Wield which item (- for none, * to show all)? (? for menu, Esc to quit)
a - a +0 short sword (weapon)
Something hits you!
* * * LOW HITPOINT WARNING * * *
* * * LOW HITPOINT WARNING * * *
You feel sick.
You hit something. Something hits you.
* * * LOW HITPOINT WARNING * * *
You are more poisoned.
Drink which item? (? for menu, Esc to quit)
It was a potion of flight.
You feel very buoyant.
You fly up into the air.
You die...

#....)...............######.....
#....................# #.....
#....................# ##....
###....#.............# #....
#....#.............# #####
#.####.............# ...
#........###+# ## ########.# #@#
#{# . #.# ..g #(## ... #(.# ..
###(##.### #...(....# #.....)..#
#........#


There were no monsters in sight!

Vanquished Creatures
  A giant mite (D:2)
  3 adders (D:2)
  A worm (D:2)
  A giant gecko (D:1)
  A ball python (D:1)
  6 bats
  9 goblins
  5 hobgoblins
  2 jackals (D:1)
  A giant newt (D:1)
  4 kobolds
  5 rats
39 creatures vanquished.

Notes
Turn   | Place    | Note
--------------------------------------------------------------
     0 | D:1      | dvd, the Halfling Hunter, began the quest for the Orb.
     0 | D:1      | Reached XP level 1. HP: 14/14 MP: 1/1
    46 | D:1      | Reached skill level 6 in Slings
    96 | D:1      | Reached XP level 2. HP: 19/19 MP: 2/2
   381 | D:1      | Reached XP level 3. HP: 24/24 MP: 3/3
   582 | D:1      | Reached skill level 7 in Slings
   866 | D:2      | Reached XP level 4. HP: 29/29 MP: 4/4
  1185 | D:2      | Noticed Sigmund
  1220 | D:2      | HP: 1/29 [something (1)]
  1221 | D:2      | Succumbed to Sigmund's poison

Action                   |  1- 3 |  4- 6 || total
-------------------------+-------+-------++-------
Melee: Short sword       |     9 |     1 ||    10
 Fire: Hunting sling     |    65 |    41 ||   106
  Use: Scroll            |     3 |       ||     3
       Potion            |       |     3 ||     3
  Eat: Chunk             |       |     1 ||     1
